 Dungeon Sprint DCSS version 0.22.1-2-g9c5b331 (webtiles) character file.

4190 diana the End of an Era (level 10, -4/83 HPs)
             Began as a Demonspawn Gladiator on Dec 15, 2018.
             Was the Champion of Qazlal.
             Slain by an orc warrior
             ... wielding a +2 long sword of holy wrath
             ... led by an orc knight
              (10 damage)
             ... in the Dungeon (Sprint VII: "The Pits").
             The game lasted 00:06:10 (1550 turns).

diana the End of an Era (Demonspawn Gladiator)      Turns: 1550, Time: 00:06:11

Health: -4/83      AC: 16    Str: 19    XL:     10   Next: 8%
Magic:  7/21       EV: 15    Int:  9    God:    Qazlal [******]
Gold:   0          SH:  8    Dex: 14    Spells: 9/9 levels left

rFire    . . .     SeeInvis .   s - +2 battleaxe (curse)
rCold    + . .     Gourm    .   (shield currently unavailable)
rNeg     . . .     Faith    .   B - +4 scale mail
rPois    .         Spirit   .   (helmet restricted)
rElec    .         Reflect  .   (no cloak)
rCorr    .         Harm     .   (gloves unavailable)
MR       .....     NoTele   +   z - +0 pair of boots
Stlth    ..........             (no amulet)
HPRegen  0.23/turn              (no ring)
MPRegen  0.17/turn              (no ring)

@: protected from physical damage, repel missiles
A: claws 3, horns 2, talons 2, cold resistance 1
a: Upheaval, Elemental Force, Disaster Area, Renounce Religion


You were in the Dungeon.
You worshipped Qazlal.
Qazlal was exalted by your worship.
You were very hungry.

You visited 1 branch

Inventory:

Hand Weapons
 a - a +0 war axe
 l - a +2 hand axe
 q - a +2 hand axe of freezing
 s - a cursed +2 battleaxe (weapon)
 A - a +1 broad axe of chopping
Missiles
 d - 3 throwing nets (quivered)
Armour
 b - a +0 leather armour
 c - a +0 helmet
 r - a +3 ring mail
 y - a +0 pair of gloves
 z - a +0 pair of boots (worn)
 B - a +4 scale mail (worn)
Jewellery
 t - a +3 ring of intelligence
 u - a +3 ring of intelligence
Scrolls
 k - a scroll of blinking
 n - 3 scrolls of remove curse
 o - 5 scrolls of amnesia
 p - a scroll of summoning
Potions
 e - 5 potions of curing
 g - 7 potions of heal wounds
 h - a potion of haste
 i - 4 potions of magic
 j - 3 potions of berserk rage
 m - 2 potions of invisibility
 v - 3 potions of might
 w - 2 potions of resistance
 x - a potion of agility
Comestibles
 f - 9 rations


   Skills:
 + Level 9.4 Fighting
 * Level 11.8 Axes
 - Level 1.7 Throwing
 + Level 8.4 Armour
 + Level 8.9 Dodging
 * Level 15.5 Invocations


You had 9 spell levels left.
You didn't know any spells.
Your spell library was empty.

Dungeon Overview and Level Annotations

Branches:
Dungeon (1/1)

Altars:
Ashenzari
Cheibriados
Dithmenos
Elyvilon
Fedhas
Gozag
Hepliaklqana
Kikubaaqudgha
Makhleb
Nemelex Xobeh
Okawaru
Qazlal
Ru
Sif Muna
Trog
Uskayaw
Vehumet
Wu Jian
Xom
Yredelemnul
Zin
The Shining One
Beogh
Jiyva
Lugonu


Innate Abilities, Weirdness & Mutations

You have claws for hands.
You have a pair of horns on your head.
You have razor-sharp toenails.
Your flesh is cold resistant. (rC+)


Message History

You closely miss the orc knight.
The orc knight roars a battlecry!
The orc goes into a battle-frenzy!
Okay, then.
You hit the orc knight but do no damage.
You headbutt the orc knight, but do no damage.
The orc knight is engulfed in freezing vapours.
The orc knight hits you with a halberd.
* * * LOW HITPOINT WARNING * * *
You feel protected from physical attacks.
Okay, then.
The orc knight is engulfed in freezing vapours.
The orc knight barely misses you.
There is a large open door to the Metal Vault (Medium), spattered with blood You barely miss the orc warrior.
You headbutt the orc warrior!
The orc warrior is moderately wounded.
The orc warrior hits you with a long sword of holy wrath!!
* * * LOW HITPOINT WARNING * * *
You convulse!
You die...

____.#
__...###########++######
####'##................#
)))'.##......#..#......#
####.##.))....(........+
......)..).............+
#'#####..)...#§.#......#
..#.[##........§).(....#
..#))#####'#####@§######
###))##.......##o§###
..#.)##.......##o().#
..#..##.......##o..##
'##'###...<...##s)##
)....##.......##.)#
.....##.......##..o
#######.......##.##o
..#.. ############ .g


You could see an orc knight, a tarantella, 2 orc warriors and an orc.

Vanquished Creatures
  A vampire mage (D)
  A death yak (D)
  An unseen horror (D)
  An orc knight (D)
  A hornet (D)
  A polar bear (D)
  A redback (D)
  A spriggan (D)
  A wraith (D)
  A black bear (D)
  An orc warrior (D)
  2 wolves (D)
  2 centaurs (D)
  An ogre (D)
  A scorpion (D)
  5 wights (D)
  A crimson imp (D)
  A quasit (D)
  A jelly (D)
  2 gnoll shamans (D)
  An orc priest (D)
  2 iron imps (D)
  10 gnolls (D)
  2 adders (D)
  A leopard gecko (D)
  4 orcs (D)
  2 ball pythons (D)
  4 jackals (D)
  A kobold (D)
  2 quokkas (D)
  A frilled lizard (D)
  A goblin (D)
58 creatures vanquished.

Vanquished Creatures (others)
  A pearl dragon (D)
  3 tentacled monstrosities (D)
  2 Ice Fiends (D)
  2 titans (D)
  A draconian monk (D)
  A ghost moth (D)
  A draconian scorcher (D)
  A reaper (D)
  A mummy priest (D)
  2 blizzard demons (D)
  A hell beast (D)
  2 spriggan air magi (D)
18 creatures vanquished.

Grand Total: 76 creatures vanquished

Notes
Turn   | Place    | Note
-------+----------+-------------------------------------------
     0 | D        | diana the Demonspawn Gladiator began the quest for the Orb.
     0 | D        | Reached XP level 1. HP: 16/16 MP: 1/1
    11 | D        | Killed a ghost moth
    35 | D        | Killed a reaper
    42 | D        | Found a glowing golden altar of the Shining One.
    42 | D        | Found a glowing silver altar of Zin.
    42 | D        | Found a basalt altar of Yredelemnul.
    42 | D        | Found a shimmering altar of Xom.
    42 | D        | Found an ornate altar of the Wu Jian Council.
    42 | D        | Found a bloodstained altar of Trog.
    42 | D        | Found a deep blue altar of Sif Muna.
    42 | D        | Found a sacrificial altar of Ru.
    42 | D        | Found a stormy altar of Qazlal.
    42 | D        | Found an iron altar of Okawaru.
    42 | D        | Found a sparkling altar of Nemelex Xobeh.
    42 | D        | Found a burning altar of Makhleb.
    42 | D        | Found a viscous altar of Jiyva.
    42 | D        | Found a hazy altar of Hepliaklqana.
    42 | D        | Found an opulent altar of Gozag.
    42 | D        | Found a blossoming altar of Fedhas.
    42 | D        | Found a white marble altar of Elyvilon.
    42 | D        | Found a shadowy altar of Dithmenos.
    42 | D        | Found a snail-covered altar of Cheibriados.
    43 | D        | Found a radiant altar of Vehumet.
    43 | D        | Found a corrupted altar of Lugonu.
    43 | D        | Found a roughly hewn altar of Beogh.
    44 | D        | Found an ancient bone altar of Kikubaaqudgha.
    44 | D        | Found a hide-covered altar of Uskayaw.
    44 | D        | Found a shattered altar of Ashenzari.
    47 | D        | Became a worshipper of Qazlal Stormbringer
    86 | D        | Reached skill level 1 in Invocations
    90 | D        | Reached * piety under Qazlal
    90 | D        | Reached skill level 1 in Armour
    92 | D        | Gained mutation: Your flesh is cold resistant. (rC+)
                  | [demonic ancestry]
    92 | D        | Reached XP level 2. HP: 18/23 MP: 1/3
   107 | D        | Killed an Ice Fiend
   157 | D        | Reached ** piety under Qazlal
   157 | D        | Reached skill level 2 in Invocations
   190 | D        | Killed a titan
   315 | D        | Reached skill level 4 in Invocations
   315 | D        | Gained mutation: You have sharp fingernails. [demonic
                  | ancestry]
   315 | D        | Reached XP level 3. HP: 29/29 MP: 4/6
   316 | D        | Reached skill level 5 in Invocations
   316 | D        | Gained mutation: You have sharp toenails. [demonic
                  | ancestry]
   316 | D        | Reached XP level 4. HP: 35/35 MP: 0/7
   320 | D        | Reached *** piety under Qazlal
   347 | D        | Reached skill level 5 in Axes
   353 | D        | Reached **** piety under Qazlal
   355 | D        | Reached skill level 6 in Invocations
   481 | D        | Killed a mummy priest
   553 | D        | Gained mutation: You have very sharp fingernails. [demonic
                  | ancestry]
   553 | D        | Reached XP level 5. HP: 35/42 MP: 0/10
   567 | D        | Reached ***** piety under Qazlal
   567 | D        | Reached skill level 7 in Invocations
   588 | D        | Killed a titan
   598 | D        | Reached skill level 5 in Fighting
   598 | D        | Reached skill level 5 in Dodging
   598 | D        | Reached skill level 8 in Invocations
   600 | D        | Gained mutation: You have a pair of small horns on your
                  | head. [demonic ancestry]
   600 | D        | Reached XP level 6. HP: 35/51 MP: 2/12
   604 | D        | Reached skill level 9 in Invocations
   648 | D        | Killed a spriggan air mage
   671 | D        | Killed a tentacled monstrosity
   750 | D        | Noticed a polar bear
   759 | D        | Killed a polar bear
   759 | D        | Reached skill level 5 in Armour
   759 | D        | Reached skill level 10 in Invocations
   759 | D        | Gained mutation: You have a pair of horns on your head.
                  | [demonic ancestry]
   759 | D        | Reached XP level 7. HP: 23/58 MP: 14/14
   779 | D        | Killed a pearl dragon
   810 | D        | Killed a blizzard demon
   903 | D        | Killed an Ice Fiend
   948 | D        | Reached ****** piety under Qazlal
   957 | D        | Reached skill level 11 in Invocations
  1037 | D        | Killed an unseen horror
  1037 | D        | Reached skill level 12 in Invocations
  1037 | D        | Reached XP level 8. HP: 42/67 MP: 15/17
  1064 | D        | Killed a hell beast
  1211 | D        | Noticed an orc knight
  1222 | D        | Killed an orc knight
  1222 | D        | Reached skill level 10 in Axes
  1222 | D        | Reached skill level 13 in Invocations
  1247 | D        | Killed a blizzard demon
  1267 | D        | Killed a tentacled monstrosity
  1361 | D        | Killed a green draconian scorcher
  1375 | D        | Killed a tentacled monstrosity
  1418 | D        | Noticed a hornet
  1419 | D        | Gained mutation: You have razor-sharp toenails. [demonic
                  | ancestry]
  1419 | D        | Reached XP level 9. HP: 66/74 MP: 19/19
  1437 | D        | Reached skill level 14 in Invocations
  1450 | D        | Killed a red draconian monk
  1459 | D        | Noticed a vampire mage
  1464 | D        | Killed a vampire mage
  1464 | D        | Reached skill level 15 in Invocations
  1532 | D        | Noticed a death yak
  1533 | D        | Killed a spriggan air mage
  1536 | D        | Noticed an orc knight
  1539 | D        | Killed a death yak
  1539 | D        | Gained mutation: You have claws for hands. [demonic
                  | ancestry]
  1539 | D        | Reached XP level 10. HP: 36/83 MP: 5/21
  1550 | D        | Slain by an orc warrior

Skill      XL: |  1  2  3  4  5  6  7  8  9 |
---------------+----------------------------+-----
Axes           | 3 4 5 6 8 9 10 11 | 11.8
Dodging        | 3 4 5 6 7 8 |  8.9
Invocations    | 1 4 5 6 8 10 12 13 15 | 15.5
Armour         | 1 2 3 4 5 6 7 8 |  8.4
Fighting       | 3 4 5 6 7 8 9 |  9.4
Throwing       | |  1.7

Action                   |  1- 3 |  4- 6 |  7- 9 | 10-12 || total
-------------------------+-------+-------+-------+-------++-------
Melee: Hand axe          |    19 |    48 |       |       ||    67
       War axe           |     4 |       |       |       ||     4
       Kick              |       |    14 |     3 |       ||    17
       Battleaxe         |       |    11 |    44 |     8 ||    63
       Headbutt          |       |     3 |    13 |     3 ||    19
Throw: Throwing net      |       |     3 |       |       ||     3
Invok: Upheaval          |     1 |     3 |     8 |       ||    12
       Disaster Area     |       |       |     1 |       ||     1
  Use: Potion            |       |     4 |     1 |       ||     5
  Eat: Chunk             |       |       |     1 |       ||     1
Armor: Leather armour    |    11 |     1 |       |       ||    12
       Ring mail         |       |    21 |    11 |       ||    32
       Scale mail        |       |       |     8 |     1 ||     9
Dodge: Dodged            |    29 |    46 |    26 |     3 ||   104
       Deflected         |       |       |     2 |       ||     2
Block: Other             |       |    25 |    11 |     1 ||    37
